 Dungeon Crawl Stone Soup version 0.27.1-1-g398f81649c (webtiles) character file.

Game seed: 9013195623562442217

5757 GameOver the Tainter (level 10, 0/75 HPs)
             Began as a Naga Hedge Wizard on Sept 7, 2021.
             Was a Believer of Kikubaaqudgha.
             Shot with a sling bullet by Joseph (2 damage)
             ... on level 10 of the Dungeon.
             The game lasted 00:53:52 (7955 turns).

GameOver the Tainter (Naga Hedge Wizard)            Turns: 7955, Time: 00:53:53

Health: 0/75       AC: 22    Str: 12    XL:     10   Next: 78%
Magic:  4/19       EV:  8    Int: 18    God:    Kikubaaqudgha [**....]
Gold:   216        SH:  0    Dex: 17    Spells: 7/21 levels left

rFire    + . .     SeeInvis +   s - +2 trident (protect)
rCold    + . .     Faith    .   (no shield)
rNeg     . . .     Spirit   .   b - +0 steam dragon scales
rPois    +         Reflect  .   c - +2 helmet
rElec    .         Harm     .   y - +0 cloak
rCorr    .         Rampage  .   E - +0 pair of gloves
Will     +....                  L - +1 barding {rC+}
Stlth    ++++......             u - amulet of magic regeneration
HPRegen  0.22/turn              i - +6 ring of dexterity
MPRegen  0.41/turn              B - ring of protection from fire

@: short of breath, under a protective aura, very slightly contaminated, very
slow
A: AC +3, large, see invisible, deformed body, poison resistance, slowness 2,
spit poison 1, naga tail 1
a: Spit Poison, Renounce Religion, Receive Corpses


You were on level 10 of the Dungeon.
You worshipped Kikubaaqudgha.
Kikubaaqudgha was pleased with you.
You visited 2 branches of the dungeon, and saw 11 of its levels.

You collected 606 gold pieces.
You spent 390 gold pieces at shops.

Inventory:

Hand Weapons
 s - a +2 trident of protection (weapon)
 w - a +3 quarterstaff of chaos
Armour
 b - +0 steam dragon scales (worn)
 c - a +2 helmet (worn)
 m - a +0 buckler
 y - a +0 cloak (worn)
 E - a +0 pair of gloves (worn)
 L - a +1 barding of cold resistance (worn)
Magical Staves
 n - a staff of earth
Jewellery
 g - a ring of fire
 i - a +6 ring of dexterity (left hand)
 k - an amulet of the acrobat
 u - an amulet of magic regeneration (around neck)
 B - a ring of protection from fire (right hand)
Wands
 p - a wand of iceblast (14)
 D - a wand of charming (11)
 G - a wand of flame (29)
Scrolls
 a - 3 scrolls of enchant armour
 d - a scroll of fog {unknown}
 f - 3 scrolls of magic mapping
 l - 6 scrolls of identify
 o - 2 scrolls of teleportation
 r - 2 scrolls of blinking
 z - 2 scrolls of summoning {unknown}
 H - a scroll of vulnerability {unknown}
 I - a scroll of noise {unknown}
 K - a scroll of amnesia {unknown}
Potions
 e - a potion of haste
 j - 2 potions of ambrosia {unknown}
 t - 2 potions of invisibility
 v - a potion of brilliance {unknown}
 x - a potion of degeneration {unknown}
 A - 2 potions of might
 C - 3 potions of heal wounds
 F - a potion of flight {unknown}
 J - 2 potions of curing
 M - a potion of magic


   Skills:
 - Level 1.5 Dodging
 - Level 9.0 Stealth
 - Level 6.0 Spellcasting
 - Level 6.0 Conjurations
 - Level 1.0 Summonings
 + Level 5.3 Necromancy
 - Level 3.0 Translocations
 * Level 8.1 Air Magic
 - Level 9.0 Poison Magic


You had 7 spell levels left.
You knew the following spells:

 Your Spells              Type           Power      Damage    Failure   Level
a - Magic Dart            Conj           100%       1d8       1%          1
b - Blink                 Tloc           N/A        N/A       5%          2
d - Mephitic Cloud        Conj/Pois/Air  33%        N/A       1%          3
s - Lightning Bolt        Conj/Air       15%        1d29      19%         5
C - Vampiric Draining     Necr           12%        2d7       4%          3

Your spell library contained the following spells:

 Spells                   Type           Power      Damage    Failure   Level
 Animate Skeleton         Necr           48%        N/A       1%          1
 Pain                     Necr           96%        1d8       1%          1
 Corpse Rot               Necr/Air       N/A        N/A       1%          2
 Poisonous Vapours        Pois/Air       72%        N/A       1%          2
 Sublimation of Blood     Necr           12%        N/A       1%          2
 Airstrike                Air            17%        N/A       4%          4
 Conjure Flame            Conj/Fire      16%        6-21      11%         3
 Call Imp                 Summ           9%         N/A       12%         2
 Slow                     Hex            5%         N/A       19%         2
 Summon Lightning Spire   Summ/Air       21%        N/A       19%         4
 Agony                    Necr           24%        N/A       36%         5
 Excruciating Wounds      Necr           12%        N/A       36%         5
 Freezing Cloud           Conj/Ice/Air   11%        6-21      43%         5
 Chain Lightning          Conj/Air       15%        3d20      100%        9
 Fire Storm               Conj/Fire      8%         8d2       100%        9


Dungeon Overview and Level Annotations

Branches:
Dungeon (10/15)            Temple (1/1) D:4
   Lair: D:8-11         Orc: D:9-12

Altars:
Ashenzari
Cheibriados
Dithmenos
Elyvilon
Fedhas
Gozag
Hepliaklqana
Kikubaaqudgha
Makhleb
Nemelex Xobeh
Okawaru
Qazlal
Ru
Sif Muna
Trog
Uskayaw
Vehumet
Wu Jian
Xom
Yredelemnul
Zin
The Shining One

Shops:
D:4 :*(=   D:6 :   D:8 !

Annotations:
D:8 1 runed translucent door, larifari's ghost, novice TrMo
D:10 Joseph


Innate Abilities, Weirdness & Mutations

Your serpentine skin is tough. (AC +3)
You have supernaturally acute eyesight. (SInv)
Armour fits poorly on your strangely shaped body.
Your system is resistant to poisons. (rPois)
You cover ground very slowly.
You can spit poison.
You have a snake-like lower body.


Message History

Joseph unwields a +0 quarterstaff.
Joseph wields a +2 hunting sling of freezing.
It is covered in frost.
Joseph shoots a sling bullet.
The sling bullet hits you! The sling bullet freezes you.
Unknown command.
Unknown command.
Unknown command.
Unknown command.
Unknown command.
Reach: s) +2 trident (protect)
Press: ? - help, Dir - move target, f/p - Joseph
Aim: Joseph, wielding a +2 hunting sling of freezing, wearing a +3 ring mail of poison resistance and quivering sling bullets (noxious fumes, about 36% to evade your +2 trident of protection)
Okay, then.
Casting: Mephitic Cloud (safe; 1% risk of failure)
Confirm with . or Enter, or press ? or * to list all spells.
The spell is quite dangerous to cast (19% risk of failure)!
Continue anyway?
Aiming: Lightning Bolt (quite dangerous; 19% risk of failure)
Press: ? - help, Shift-Dir - straight line, p - Joseph You hear a mighty clap of thunder!
The bolt of lightning misses Joseph.
The bolt of lightning hits Joseph but does no damage.
You hear a howl!
Joseph shoots a sling bullet.
The sling bullet hits you! The sling bullet freezes you.
Casting: Lightning Bolt (quite dangerous; 19% risk of failure)
Confirm with . or Enter, or press ? or * to list all spells.
The spell is quite dangerous to cast (19% risk of failure)!
Continue anyway?
Aiming: Lightning Bolt (quite dangerous; 19% risk of failure)
Press: ? - help, Shift-Dir - straight line, f - Joseph
Aim: Joseph, wielding a +2 hunting sling of freezing, wearing a +3 ring mail of poison resistance and quivering sling bullets (noxious fumes, 65% to hit)
You miscast Lightning Bolt.
You are very lightly contaminated with residual magic.
You are caught in a violent explosion!
* * * LOW HITPOINT WARNING * * *
The yak looks more healthy.
Joseph shoots a sling bullet.
The sling bullet hits you!
* * * LOW HITPOINT WARNING * * *
The sling bullet freezes you.
You die...
Kikubaaqudgha rasps: "You have failed me!
Welcome... death!"

..... .. #...
....#####...
......##.......#..
###+#.................
....... .#####<#
................#
.....Y.###..##..# ###
.....†.###..##..# #..
.......@..°.##..##. #..
..#######@#........ #..
########'#.##########..
#..........# #......'..
#..........###.######..
#..............# #..
#..(......###### ###
#.........# ###########


You could see Joseph and a yak (confused).

Vanquished Creatures
  2 two-headed ogres (D:9)
  2 centaur zombies
  A shadow (D:9)
  2 wraiths
  8 yaks (D:10)
  A vampire mosquito (D:9)
  A steam dragon (D:8)
  2 sky beasts
  A necrophage (D:6)
  An orc warrior (D:8)
  A black bear (D:6)
  A centaur (D:8)
  2 phantoms
  5 kobold brigands
  2 water moccasin zombies (D:6)
  A bullfrog (D:8)
  A gnoll sergeant (D:9)
  3 scorpions
  A wyvern skeleton (D:7)
  A killer bee (D:9)
  4 wights
  A howler monkey (D:6)
  A centaur skeleton (D:7)
  2 bullfrog skeletons
  3 orc priests
  3 hounds (D:5)
  3 iguanas
  3 jellies
  Crazy Yiuf (D:2)
  Jessica (D:2)
  3 orc wizards
  A hound skeleton (D:4)
  A howler monkey zombie (D:9)
  6 gnolls
  4 adders
  A shadow imp (D:5)
  An adder skeleton (D:4)
  2 worms
  4 dart slugs
  12 orcs
  11 ball pythons
  4 endoplasms
  5 giant cockroaches
  5 goblins
  12 hobgoblins
  8 jackals
  4 quokkas
  5 bats
  7 frilled lizards
  29 kobolds
  6 rats
192 creatures vanquished.

Notes
Turn   | Place    | Note
-------+----------+-------------------------------------------
     0 | D:1      | GameOver the Naga Hedge Wizard began the quest for the Orb.
     0 | D:1      | Reached XP level 1. HP: 15/15 MP: 4/4
   109 | D:1      | Reached XP level 2. HP: 11/22 MP: 4/6
   336 | D:1      | Reached XP level 3. HP: 21/28 MP: 4/7
   340 | D:1      | Learned a level 2 spell: Blink
   344 | D:1      | Learned a level 3 spell: Mephitic Cloud
  1072 | D:2      | You fall into a shaft and drop 2 floors!
  1086 | D:4      | Reached XP level 4. HP: 8/36 MP: 0/8
  1379 | D:4      | Noticed a scorpion
  1399 | D:4      | Found Qeni's General Store.
  1423 | D:4      | Found Ucinn's Antique Weapon Boutique.
  1544 | D:4      | Reached XP level 5. HP: 29/42 MP: 0/9
  1759 | D:2      | Noticed Jessica
  1763 | D:2      | Killed Jessica
  1764 | D:2      | Reached skill level 5 in Conjurations
  1770 | D:2      | Found a faded altar of an unknown god.
  2171 | D:2      | Found a runed translucent door.
  2172 | D:2      | Noticed Crazy Yiuf
  2548 | D:3      | Found an opulent altar of Gozag.
  2640 | D:3      | Found a hazy altar of Hepliaklqana.
  2640 | D:3      | Found a faded altar of an unknown god.
  2645 | D:3      | Reached XP level 6. HP: 40/49 MP: 7/10
  2851 | D:2      | Killed Crazy Yiuf
  2915 | D:4      | Found a radiant altar of Vehumet.
  2915 | D:4      | Found a hide-covered altar of Uskayaw.
  2924 | D:4      | Reached skill level 1 in Poison Magic
  3010 | D:4      | Found Niozuwn's Book Emporium.
  3295 | D:4      | Found a staircase to the Ecumenical Temple.
  3306 | Temple   | Entered the Ecumenical Temple
  3342 | Temple   | Became a worshipper of Kikubaaqudgha
  3448 | D:4      | Found an iron altar of Okawaru.
  3449 | D:4      | Found a sparkling altar of Nemelex Xobeh.
  3536 | D:4      | Found Bazil's Jewellery Shoppe.
  3581 | D:5      | Entered Level 5 of the Dungeon
  3664 | D:5      | Reached XP level 7. HP: 19/55 MP: 7/11
  4071 | D:5      | Reached skill level 5 in Stealth
  4291 | D:5      | Reached XP level 8. HP: 29/62 MP: 1/13
  4645 | D:6      | Identified the +1 leather armour of Understanding {rC+
                  | Will- Str+8}
  4687 | D:6      | Learned a level 3 spell: Vampiric Draining
  4905 | D:6      | Found a basalt altar of Yredelemnul.
  5059 | D:6      | Reached * piety under Kikubaaqudgha
  5059 | D:6      | Received a gift from Kikubaaqudgha
  5105 | D:6      | Found Ohuy's Book Shop.
  5384 | D:7      | Reached XP level 9. HP: 60/68 MP: 12/16
  5453 | D:7      | Found a bloodstained altar of Trog.
  5654 | D:7      | Reached skill level 5 in Spellcasting
  6307 | D:6      | Bought a book of Storms for 320 gold pieces
  6313 | D:6      | Learned a level 5 spell: Lightning Bolt
  6507 | D:8      | Found a sacrificial altar of Ru.
  6568 | D:8      | Reached skill level 1 in Air Magic
  6574 | D:8      | Found a blossoming altar of Fedhas.
  6654 | D:8      | Found Xual's Distillery.
  6667 | D:8      | Found a runed translucent door.
  6667 | D:8      | Noticed larifari's ghost (novice TrMo)
  6721 | D:8      | Reached ** piety under Kikubaaqudgha
  6778 | D:8      | Reached skill level 1 in Necromancy
  7022 | D:8      | Found a snail-covered altar of Cheibriados.
  7139 | D:8      | Bought a potion of heal wounds for 70 gold pieces
  7346 | D:9      | Noticed a two-headed ogre
  7353 | D:9      | Noticed a two-headed ogre
  7377 | D:9      | Killed a two-headed ogre
  7378 | D:9      | Reached skill level 5 in Air Magic
  7378 | D:9      | Reached XP level 10. HP: 43/75 MP: 5/19
  7389 | D:9      | Killed a two-headed ogre
  7596 | D:9      | Noticed a two-headed ogre
  7713 | D:10     | Entered Level 10 of the Dungeon
  7818 | D:10     | Identified a scroll of acquirement
  7819 | D:10     | Acquired a +1 barding of cold resistance
  7842 | D:10     | Noticed a skeletal warrior
  7853 | D:10     | Reached skill level 5 in Necromancy
  7952 | D:10     | Noticed Joseph
  7955 | D:10     | HP: 2/75 [Joseph/sling bullet (8)]
  7955 | D:10     | Shot with a sling bullet by Joseph

Illustrated notes

Levels and vault maps discovered:
D:1:      lightli_arrival_windingriver, layout_basic, serial_curves,
          eino_curves_03, eino_curves_02
D:2:      layout_basic, shapermc_ecumenical_altar_pompeii, chequers_mini_garden,
          st_stairs_2, uniq_jessica, uniq_crazy_yiuf_cottage
D:3:      layout_basic, beargit_hepliaklqana_dungeon_heroes,
          mainiacjoe_overflow_tiny_flanked
D:4:      layout_basic, chequers_temple_overflow_statue_of_worship,
          gammafunk_temple_overflow_pools, minmay_temple_entry_butterflies,
          serial_shops, nicolae_shop_behind_doors, nicolae_lakefront_shop, shop,
          kennysheep_mini, grunt_ministairs_9, minmay_misc_feat_roman
D:5:      layout_basic
D:6:      layout_cave_pods, lemuel_crystal_altar, serial_shops,
          nicolae_shop_statue_plus
D:7:      layout_basic, nicolae_overflow_crystal_walls
D:8:      layout_cave_pools, mainiacjoe_overflow_six_doors_small,
          general_overflow_altar, nicolae_ru_sacrificial_ziggurat, serial_shops,
          nicolae_diamond_shop, hellmonk_ghost_happy_afterlife,
          minmay_misc_feat_more_columns
D:9:      layout_cave_pools, minivault_10, kennysheep_small_circle
D:10:     layout_basic, kennysheep_orc_monster_closet_entryway, uniq_joseph
Temple:   jpeg_temple_clearing

Skill      XL: |  1  2  3  4  5  6  7  8  9 10 |
---------------+-------------------------------+-----
Conjurations   | 2 4 5 6 |  6.0
Poison Magic   | 3 6 8 9 |  9.0
Stealth        | 4 6 8 9 |  9.0
Spellcasting   | 4 6 |  6.0
Translocations | 3 |  3.0
Air Magic      | 5 8 |  8.1
Necromancy     | 3 5 |  5.3
Dodging        | |  1.5
Summonings     | |  1.0

Action                   |  1- 3 |  4- 6 |  7- 9 | 10-12 || total
-------------------------+-------+-------+-------+-------++-------
Melee: Short sword       |    12 |     8 |       |       ||    20
       Quarterstaff      |       |    11 |    71 |       ||    82
       Trident           |       |       |       |    15 ||    15
 Cast: Magic Dart        |    41 |   101 |   252 |    34 ||   428
       Mephitic Cloud    |     1 |     3 |    18 |    10 ||    32
       Blink             |       |       |     4 |     8 ||    12
       Lightning Bolt    |       |       |       |     7 ||     7
       Vampiric Draining |       |       |       |     4 ||     4
Invok: Receive Corpses   |       |       |     1 |       ||     1
 Abil: Spit Poison       |    41 |    47 |    63 |    16 ||   167
Evoke: Wand              |       |       |     1 |     1 ||     2
  Use: Potion            |     1 |       |     6 |       ||     7
       Scroll            |       |       |     6 |     4 ||    10
 Stab: Confused          |       |     1 |     9 |     1 ||    11
       Sleeping          |       |       |     3 |       ||     3
Armor: Robe              |     3 |    10 |    86 |       ||    99
       Skin              |       |       |    12 |       ||    12
       Steam dragon scal |       |       |     1 |    14 ||    15
Dodge: Dodged            |    20 |    24 |    92 |    19 ||   155
